 Dungeon Crawl Stone Soup version 0.30.0-10-gfe55d96785 (webtiles) character file.

Game seed: 1460296315035279526

1694 qw the Cleaver (level 9, 0/55 HPs)
             Began as a Gargoyle Cinder Acolyte on May 17, 2023.
             Was a Priest of Ignis.
             Slain by Edmund
             ... wielding a +6 flail of protection
              (4 damage)
             ... on level 6 of the Dungeon.
             The game lasted 00:02:01 (3963 turns).

qw the Cleaver (Gargoyle Cinder Acolyte)            Turns: 3963, Time: 00:02:01

Health: 0/55       AC: 29    Str: 22    XL:     9   Next: 2%
Magic:  10/10      EV:  6    Int: 15    God:    Ignis [***...]
Gold:   14         SH:  0    Dex:  5    Spells: 10/10 levels left

rFire   + . .        Y - -1 hand axe (flame)
rCold   . . .        (no shield)
rNeg    + . .        l - +0 plate armour
rPois   inf          h - +0 helmet
rElec   +            g - +0 cloak
rCorr   .            (no gloves)
SInv    .            a - +0 pair of boots
Will    .....        (no amulet) Stlth
                     (no ring)
HPRegen 1.09/turn    (no ring)
MPRegen 0.12/turn

%: no passive effects
@: fiery-armoured
A: sickness immunity, AC +6, negative energy resistance 1, electricity
resistance, torment resistance 1, petrification resistance, regeneration 1
a: Renounce Religion, Fiery Armour, Foxfire Swarm, Rising Flame


You were on level 6 of the Dungeon.
You worshipped Ignis.
Ignis was most pleased with you.
You visited 1 branch of the dungeon, and saw 6 of its levels.

You collected 267 gold pieces.
You spent 253 gold pieces at shops.


Innate Abilities, Weirdness & Mutations

You are immune to sickness and miasma.
Your stone body is resilient. (AC +6)
You are immune to poison.
You resist negative energy. (rN+)
You are resistant to electric shocks. (rElec)
You are resistant to unholy torment.
You are immune to petrification.
Your natural rate of healing is unusually fast.


   Skills:
 - Level 6.1 Fighting
 - Level 8.0 Axes
 - Level 1.7 Throwing
 + Level 5.7 Armour
 - Level 1.0 Spellcasting
 - Level 3.0 Fire Magic


You had 10 spell levels left.
You didn't know any spells.
Your spell library contained the following spells:

 Spells                   Type           Power      Damage    Failure   Level
 Scorch                   Fire           18%        2d5       89%         2

Inventory:

Hand Weapons
 Y - a -1 hand axe of flaming (weapon)
Missiles
 b - 2 boomerangs
 k - 3 boomerangs of dispersal (quivered)
Armour
 a - a +0 pair of boots (worn)
 g - a +0 cloak (worn)
 h - a +0 helmet (worn)
 l - a +0 plate armour (worn)
Scrolls
 e - a scroll of identify
Potions
 c - 4 potions of curing
 d - a potion of berserk rage {unknown}
 f - 4 potions of haste
 i - a potion of mutation
 j - a potion of resistance
 m - a potion of cancellation

Dungeon Overview and Level Annotations

Branches:
Dungeon (6/15)             Temple (0/1) D:4

Altars:
Sif Muna

Shops:
D:6 !

Annotations:
D:6 Edmund, Grinder


Message History

Grinder is moderately wounded.
You barely miss Grinder.
Grinder is moderately wounded.
Grinder gestures at you. You resist with some effort.
You barely miss Grinder.
Grinder is moderately wounded.
Grinder barely misses you.
You hit Grinder but do no damage.
Grinder is moderately wounded.
Grinder hits you but does no damage.
Grinder is burned by your cloak of flames.
Grinder is heavily wounded.
You barely miss Grinder.
Grinder is heavily wounded.
You hit Edmund but do no damage. Grinder hits you but does no damage.
Grinder is burned by your cloak of flames.
Grinder is heavily wounded.
Edmund hits you with a +6 flail of protection.
Edmund is burned by your cloak of flames.
Edmund is lightly wounded.
You hit Grinder. You burn Grinder.
Grinder is severely wounded.
You hit Edmund but do no damage. Grinder hits you.
You writhe in agony.
Grinder is burned by your cloak of flames.
Grinder is severely wounded.
Edmund hits you with a +6 flail of protection!
Edmund is burned by your cloak of flames.
Edmund is lightly wounded.
You closely miss Grinder.
Grinder is severely wounded.
You hit Edmund but do no damage.
Grinder blinks!
Edmund hits you with a +6 flail of protection.
You barely miss Edmund.
Edmund is lightly wounded.
Edmund hits you with a +6 flail of protection.
You die...

... ... .....
....######'###.....
..................######
..................#.....
..................#.....
..........5.......#.....
#........%.......#..###
#^....@ยค.........#..#..
######@###.......#..#..
......))).#.......#..#..
..........#.......#..#..
.##..######.......#..#..
#.. #..#.......#..#..
... #..#.......#..#..
... #..#...#.#.#..#..
##. #..'.......%..#..
####\..#.#.####..


You could see Edmund and Grinder.

Vanquished Creatures
  3 water moccasins
  An orc warrior (D:6)
  A sky beast (D:5)
  A black bear (D:4)
  An ogre (D:5)
  2 phantoms
  A gnoll sergeant (D:5)
  2 scorpions
  4 wights (D:6)
  2 howler monkeys (D:6)
  3 jellies
  A hound (D:5)
  An iguana (D:5)
  13 gnolls
  2 adders
  3 ufetubi
  2 dart slugs
  4 orcs
  5 bats
  6 endoplasms
  3 giant cockroaches
  7 goblins
  4 hobgoblins
  2 quokkas (D:1)
  9 ball pythons
  5 frilled lizards
  5 kobolds
  6 rats
  A spectral kobold (D:3)
100 creatures vanquished.

Vanquished Creatures (others)
  A wight (D:6)
1 creature vanquished.

Grand Total: 101 creatures vanquished

Notes
Turn   | Place    | Note
-------+----------+-------------------------------------------
     0 | D:1      | qw the Gargoyle Cinder Acolyte began the quest for the Orb.
     0 | D:1      | Reached XP level 1. HP: 14/14 MP: 2/2
     0 | D:1      | 0 ||| qw: Version: 0.2-a-95-g4c1bab1
     0 | D:1      | 0 ||| qw: Game counter: 154
     0 | D:1      | 0 ||| qw: Always use a shield: true
     0 | D:1      | 0 ||| qw: God list: Okawaru
     0 | D:1      | 0 ||| qw: Allow faded altars: false
     0 | D:1      | 0 ||| qw: Do Orc after D:15 true
     0 | D:1      | 0 ||| qw: Do second Lair branch before Depths: true
     0 | D:1      | 0 ||| qw: Lair rune preference: random
     0 | D:1      | 0 ||| qw: Plans: Normal
     0 | D:1      | 0 ||| PLANNING D:1-11
    53 | D:1      | 53 ||| Stepping ~*~*~tactically~*~*~ (stealth).
    60 | D:1      | 60 ||| INVOKING Fiery Armour.
    61 | D:1      | Reached skill level 3 in Axes
    61 | D:1      | Reached XP level 2. HP: 10/19 MP: 3/3
   262 | D:1      | 262 ||| Stepping ~*~*~tactically~*~*~ (stealth).
   265 | D:1      | 265 ||| Stepping ~*~*~tactically~*~*~ (stealth).
   359 | D:1      | Reached XP level 3. HP: 23/23 MP: 4/4
   431 | D:1      | 431 ||| Stepping ~*~*~tactically~*~*~ (stealth).
   432 | D:1      | 432 ||| Stepping ~*~*~tactically~*~*~ (stealth).
   445 | D:1      | 445 ||| Stepping ~*~*~tactically~*~*~ (stealth).
   541 | D:1      | 541 ||| UPGRADING to +0 helmet.
   546 | D:1      | 546 ||| UPGRADING to +0 leather armour.
   556 | D:1      | 556 ||| DROPPING +0 robe.
   557 | D:1      | 557 ||| READING scroll labelled FEAKHL YSTOBOPT.
   558 | D:1      | 558 ||| READING 2 scrolls labelled PASOQAOXKI.
   559 | D:1      | 559 ||| READING scroll labelled CIGANA CEQURGHU.
   560 | D:1      | 560 ||| READING scroll labelled GERUENNUHAU.
   661 | D:1      | 661 ||| READING scroll labelled TASODEVV JEATU.
   662 | D:1      | 662 ||| DRINKING 2 murky inky potions.
   663 | D:1      | 663 ||| DRINKING 2 metallic pink potions.
   699 | D:2      | 699 ||| Stepping ~*~*~tactically~*~*~ (stealth).
   728 | D:2      | Reached skill level 4 in Axes
  1388 | D:2      | 1388 ||| UPGRADING to +0 ring mail.
  1398 | D:2      | 1398 ||| UPGRADING to +0 cloak.
  1403 | D:2      | 1403 ||| DROPPING +0 leather armour.
  1404 | D:2      | 1404 ||| READING scroll labelled YSAGGEQANIPN.
  1405 | D:2      | 1405 ||| DRINKING 2 dark potions.
  1406 | D:2      | 1406 ||| DRINKING 3 fuming green potions.
  1407 | D:2      | 1407 ||| READING 2 scrolls of identify.
  1407 | D:2      | 1407 ||| IDENTIFYING silvery potion
  1408 | D:2      | 1408 ||| DROPPING potion of attraction.
  1602 | D:3      | Found a shimmering blue altar of Sif Muna.
  1725 | D:3      | Reached XP level 4. HP: 28/28 MP: 5/5
  2070 | D:3      | 2070 ||| UPGRADING to +0 pair of boots.
  2098 | D:4      | Noticed a scorpion
  2104 | D:4      | Reached skill level 1 in Armour
  2107 | D:4      | 2107 ||| STAIRDANCE
  2111 | D:3      | Killed a scorpion
  2112 | D:3      | Reached XP level 5. HP: 26/32 MP: 6/6
  2189 | D:3      | Found a faded altar of an unknown god.
  2306 | D:3      | 2306 ||| UPGRADING to +0 scale mail.
  2316 | D:3      | 2316 ||| DROPPING +0 ring mail.
  2317 | D:3      | 2317 ||| DRINKING 2 fizzy emerald potions.
  2317 | D:3      | Gained mutation: Your natural rate of healing is unusually
                  | fast. [potion of mutation]
  2383 | D:4      | Identified the +6 sling of Utexesm {heavy, rF- Str+3 Int+4}
  2483 | D:4      | Noticed a water moccasin
  2508 | D:4      | Killed a water moccasin
  2509 | D:4      | Reached skill level 3 in Armour
  2509 | D:4      | Reached XP level 6. HP: 37/37 MP: 7/7
  2612 | D:4      | Reached skill level 5 in Axes
  2689 | D:4      | Noticed a black bear
  2697 | D:4      | Killed a black bear
  2722 | D:4      | 2722 ||| INVOKING Fiery Armour.
  2940 | D:4      | 2940 ||| INVOKING Fiery Armour.
  3098 | D:4      | Found a staircase to the Ecumenical Temple.
  3182 | D:4      | 3182 ||| READING scroll labelled GIOGAIBRA.
  3187 | D:4      | 3187 ||| READING scroll labelled NIDOHE VEUQIAMP.
  3245 | D:5      | Entered Level 5 of the Dungeon
  3245 | D:5      | Noticed a sky beast
  3250 | D:5      | 3250 ||| INVOKING Fiery Armour.
  3257 | D:5      | Reached XP level 7. HP: 43/44 MP: 8/8
  3258 | D:5      | Reached skill level 6 in Axes
  3264 | D:5      | 3264 ||| STAIRDANCE
  3271 | D:5      | 3271 ||| STAIRDANCE
  3282 | D:5      | 3282 ||| STAIRDANCE
  3295 | D:5      | 3295 ||| STAIRDANCE
  3402 | D:5      | Reached skill level 7 in Axes
  3480 | D:5      | 3480 ||| Stepping ~*~*~tactically~*~*~ (hiding).
  3491 | D:5      | Reached XP level 8. HP: 29/48 MP: 9/9
  3498 | D:5      | 3498 ||| INVOKING Fiery Armour.
  3501 | D:5      | HP: 9/48 [ogre/+0 giant club (10)]
  3502 | D:5      | 3502 ||| DRINKING 2 potions of heal wounds.
  3509 | D:5      | 3509 ||| STAIRDANCE
  3510 | D:5      | Reached skill level 1 in Throwing
  3530 | D:4      | 3530 ||| DROPPING +6 ring of intelligence.
  3531 | D:4      | 3531 ||| READING 3 scrolls of identify.
  3531 | D:4      | 3531 ||| IDENTIFYING inky potion
  3532 | D:4      | 3532 ||| DROPPING potion of lignification.
  3596 | D:5      | Identified the +1 robe of Greed {Rampage}
  3637 | D:5      | Found the +7 captain's cutlass {speed, disarm}
  3785 | D:5      | 3785 ||| UPGRADING to +0 plate armour.
  3795 | D:5      | 3795 ||| DROPPING +0 scale mail.
  3796 | D:5      | 3796 ||| READING 2 scrolls of identify.
  3796 | D:5      | 3796 ||| IDENTIFYING fuming golden potion
  3797 | D:5      | 3797 ||| DROPPING potion of invisibility.
  3813 | D:6      | 3813 ||| PLANNING SEWER
  3880 | D:6      | Found Oro Aty's Distillery.
  3891 | D:6      | 3891 ||| BUYING potion of cancellation (88 gold).
  3891 | D:6      | Bought a potion of cancellation for 88 gold pieces
  3891 | D:6      | 3891 ||| BUYING potion of haste (110 gold).
  3891 | D:6      | Bought a potion of haste for 110 gold pieces
  3891 | D:6      | 3891 ||| SHOPLISTING potion of haste (110 gold, have 69).
  3891 | D:6      | 3891 ||| BUYING potion of heal wounds (55 gold).
  3891 | D:6      | Bought a potion of heal wounds for 55 gold pieces
  3891 | D:6      | 3891 ||| SHOPLISTING potion of mutation (88 gold, have 14).
  3911 | D:6      | 3911 ||| INVOKING Fiery Armour.
  3926 | D:6      | HP: 3/49 [orc warrior/bolt (13)]
  3927 | D:6      | 3927 ||| DRINKING 2 potions of heal wounds.
  3932 | D:6      | Reached skill level 8 in Axes
  3934 | D:6      | Noticed Grinder
  3941 | D:6      | HP: 10/51 [orc warrior/+0 dire flail (5)]
  3942 | D:6      | Reached skill level 6 in Fighting
  3942 | D:6      | 3942 ||| DRINKING potion of heal wounds.
  3950 | D:6      | Paralysed by Grinder for 5 turns
  3950 | D:6      | Noticed Edmund
  3952 | D:6      | Reached XP level 9. HP: 25/55 MP: 10/10
  3961 | D:6      | HP: 7/55 [Edmund/+6 flail of protection (9)]
  3962 | D:6      | HP: 3/55 [Edmund/+6 flail of protection (5)]
  3963 | D:6      | Slain by Edmund

Levels and vault maps discovered:
D:1:      dpeg_arrival_solitude, layout_rooms, minmay_misc_feat_five,
          chequers_serial_rivers_micro_a
D:2:      layout_loops_ring
D:3:      layout_loops_corners, lemuel_coloured_pillars_altar,
          dreamdust_ecumenical_altar_drowned_temple
D:4:      layout_gridville, minmay_temple_entry_nine_rooms
D:5:      layout_rooms, lightli_minifort
D:6:      layout_gridville, evilmike_ruin_ashenzari, serial_shops, shop,
          serial_glass, glass_columns_a, glass_columns_a, portal_sewer_entry_c,
          uniq_edmund, uniq_grinder

Skill      XL: |  1  2  3  4  5  6  7  8 |
---------------+-------------------------+-----
Axes           | 3 4 5 7 8 |  8.0
Armour         | 1 3 5 |  5.7
Fighting       | 4 6 |  6.1
Throwing       | 1 |  1.7
Spellcasting   | |  1.0
Fire Magic     | |  3.0

Action                     |  1- 3 |  4- 6 |  7- 9 || total
---------------------------+-------+-------+-------++-------
  Melee: Hand axe          |   111 |    71 |   122 ||   304
         Punch             |       |     1 |     2 ||     3
  Throw: Boomerang         |    23 |    19 |    24 ||    66
 Invoke: Fiery Armour      |     1 |     3 |     2 ||     6
    Use: Scroll            |     7 |     2 |     2 ||    11
         Potion            |     4 |     1 |     3 ||     8
 Armour: Robe              |    19 |       |       ||    19
         Leather armour    |    20 |       |       ||    20
         Ring mail         |     2 |     8 |       ||    10
         Scale mail        |       |    40 |    64 ||   104
         Plate armour      |       |       |    63 ||    63
  Dodge: Dodged            |    57 |    49 |    67 ||   173

Table legend:
 A = Non-vault XP
 B = Vault XP
 C = Vault XP percentage of total XP
 D = Non-vault monster count
 E = Vault monster count
 F = Vault count percentage of total count
                 A         B        C        D         E       F
            +---------+---------+-------+---------+---------+-------
      Total |    2260 |     161 |   6.7 |      94 |       7 |   6.9
            +---------+---------+-------+---------+---------+-------
        D:1 |      42 |       0 |   0.0 |      25 |       0 |   0.0
        D:2 |      31 |       0 |   0.0 |      18 |       0 |   0.0
        D:3 |      93 |       1 |   1.1 |       8 |       1 |  11.1
        D:4 |     394 |      29 |   6.9 |      13 |       2 |  13.3
        D:5 |     953 |     131 |  12.1 |      17 |       4 |  19.0
        D:6 |     747 |       0 |   0.0 |      13 |       0 |   0.0
            +---------+---------+-------+---------+---------+-------
